 Dungeon Crawl Stone Soup version 0.27.1-33-g824d729ab1 (webtiles) character file.

Game seed: 12182431055029712026

132 Cykl0x the Ruffian (level 5, -3/31 HPs)
             Began as a Gargoyle Transmuter on Nov 30, 2021.
             Slain by Crazy Yiuf (11 damage)
             ... on level 3 of the Dungeon.
             The game lasted 00:05:22 (3068 turns).

Cykl0x the Ruffian (Gargoyle Transmuter)            Turns: 3068, Time: 00:05:22

Health: -3/31      AC:  9    Str: 14    XL:     5   Next: 15%
Magic:  9/9        EV: 15    Int: 14    God:
Gold:   120        SH:  0    Dex: 10    Spells: 6/9 levels left

rFire    . . .     SeeInvis .   d - +0 short sword
rCold    . . .     Faith    .   (no shield)
rNeg     + . .     Spirit   .   q - +0 ring mail
rPois    ∞         Reflect  .   (helmet currently unavailable)
rElec    +         Harm     .   (no cloak)
rCorr    .         Rampage  .   (no gloves)
Will     .....                  (boots currently unavailable)
Stlth    ..........             (no amulet)
HPRegen  0.10/turn              (no ring)
MPRegen  0.11/turn              (no ring)

@: agile, appendages (expiring), flying
A: horns 2, talons 2, sickness immunity, AC +4, negative energy resistance 1,
electricity resistance, torment resistance 1, petrification resistance
a: End Transformation


You were on level 3 of the Dungeon.
You had temporarily grown beastly horns and talons.
You visited 1 branch of the dungeon, and saw 3 of its levels.

You collected 120 gold pieces.

Inventory:

Hand Weapons
 b - a +0 dagger
 d - a +0 short sword (weapon)
Missiles
 c - 55 stones
 n - a throwing net
Armour
 a - a +0 robe
 e - a +3 leather armour
 f - a +1 helmet (melded)
 q - a +0 ring mail (worn)
Scrolls
 i - 2 scrolls of blinking {unknown}
 l - a scroll of torment {unknown}
 o - a scroll of vulnerability {unknown}
 p - a scroll of teleportation {unknown}
Potions
 g - a potion of flight
 h - a potion of curing
 j - a potion of might {unknown}
 k - a potion of resistance {unknown}
 m - a potion of attraction {unknown}
 r - a potion of haste {unknown}


   Skills:
 * Level 2.5 Fighting
 + Level 1.3 Short Blades
 * Level 1.8 Armour
 + Level 1.9 Dodging
 - Level 3.0 Unarmed Combat
 + Level 2.6 Spellcasting
 + Level 2.3 Transmutations


You had 6 spell levels left.
You knew the following spells:

 Your Spells              Type           Power      Damage    Failure   Level
a - Beastly Appendage     Tmut           16%        N/A       17%         1
b - Wereblood             Tmut           8%         N/A       26%         2

Your spell library contained the following spells:

 Spells                   Type           Power      Damage    Failure   Level
 Summon Small Mammal      Summ           4%         N/A       41%         1
 Spider Form              Tmut/Pois      2%         N/A       63%         3
 Call Canine Familiar     Summ           1%         N/A       80%         3
 Summon Guardian Golem    Hex/Summ       1%         N/A       80%         3
 Ice Form                 Ice/Tmut       5%         N/A       95%         4


Dungeon Overview and Level Annotations

Branches:
Dungeon (3/15)

Altars:
Dithmenos

Shops:
D:1 *

Annotations:
D:3 Crazy Yiuf


Innate Abilities, Weirdness & Mutations

You have temporarily grown beastly horns and talons.
You are immune to sickness and miasma.
Your stone body is resilient. (AC +4)
You are immune to poison.
You resist negative energy. (rN+)
You are resistant to electric shocks. (rElec)
You are resistant to unholy torment.
You are immune to petrification.


Message History

You now have 120 gold pieces (gained 11).
There is a stone staircase leading up here.
Found a mace.
Found a runed translucent door.
Crazy Yiuf shouts!
You grow a pair of large bovine horns.
Your feet morph into talons.
Your +1 helmet melds into your body.
You open the door. You hit Crazy Yiuf.
Crazy Yiuf is lightly wounded.
Crazy Yiuf grits, "Snoogle ragdoll poople!"
Crazy Yiuf hits you with a +3 quarterstaff of chaos.
You closely miss Crazy Yiuf. You claw Crazy Yiuf.
Crazy Yiuf is lightly wounded.
Crazy Yiuf hits you with a +3 quarterstaff of chaos!
You hit Crazy Yiuf.
Crazy Yiuf is moderately wounded.
Crazy Yiuf hits you but does no damage.
You hit Crazy Yiuf but do no damage.
Crazy Yiuf is moderately wounded.
Crazy Yiuf barely misses you.
You hit Crazy Yiuf but do no damage.
You headbutt Crazy Yiuf, but do no damage.
Crazy Yiuf is moderately wounded.
Crazy Yiuf hits you with a +3 quarterstaff of chaos.
* * * LOW HITPOINT WARNING * * *
Crazy Yiuf burns you.
* * * LOW HITPOINT WARNING * * *
It was a potion of flight.
You feel very buoyant.
You fly up into the air.
Crazy Yiuf twirls on the spot.
Crazy Yiuf hits you with a +3 quarterstaff of chaos.
* * * LOW HITPOINT WARNING * * *
You feel agile all of a sudden.
Your transformation is almost over.
Crazy Yiuf grits, "Citrus snockshim Orb Guardian!"
Crazy Yiuf cries, "Papa!
Announcement snockshim hog."
It was a potion of curing.
You feel better.
Crazy Yiuf hits you with a +3 quarterstaff of chaos!
You die...

##.#.........####...#...##
##.##.>.....## #..#.....##
#.###.....## ##.#.......#
##.# ##...## ##..........#
...# ##'## #....####...#
#### #.# ##..## #..## #.#
♣....♣ #.## ##.#### ♣..♣♣♣
### ##.†...# ♣♣@♣ ##
#......# ♣g♣♣
.######....## ♣♣.♣
...........# ♣.♣♣
.######..### ♣♣.♣ ##
#..#### #'# #.....# ...
##.#### #...# #.# #..)#


You could see Crazy Yiuf.

Vanquished Creatures
  4 gnolls (D:2)
  4 adders
  A worm (D:2)
  A dart slug (D:1)
  4 ball pythons
  5 endoplasms
  3 giant cockroaches
  2 goblins (D:2)
  7 hobgoblins
  2 quokkas
  3 bats
  5 frilled lizards
  5 kobolds (D:1)
  10 rats
56 creatures vanquished.

Notes
Turn   | Place    | Note
-------+----------+-------------------------------------------
     0 | D:1      | Cykl0x the Gargoyle Transmuter began the quest for the Orb.
     0 | D:1      | Reached XP level 1. HP: 12/12 MP: 3/3
    75 | D:1      | Reached XP level 2. HP: 9/16 MP: 3/5
    78 | D:1      | Learned a level 2 spell: Wereblood
   552 | D:1      | Found Pijesa's Assorted Antiques.
   649 | D:1      | Reached XP level 3. HP: 21/21 MP: 4/6
   780 | D:1      | Reached skill level 1 in Armour
  1183 | D:2      | Found a faded altar of an unknown god.
  1516 | D:2      | Reached skill level 1 in Short Blades
  1516 | D:2      | Reached XP level 4. HP: 25/26 MP: 5/7
  2481 | D:3      | Found a shadowy altar of Dithmenos.
  2508 | D:3      | Reached XP level 5. HP: 31/31 MP: 6/8
  3052 | D:3      | Found a runed translucent door.
  3053 | D:3      | Noticed Crazy Yiuf
  3068 | D:3      | Slain by Crazy Yiuf

Illustrated notes

Levels and vault maps discovered:
D:1:      dpeg_arrival_simpleton_b, layout_basic, serial_shops, shop,
          chequers_serial_rivers_large_a
D:2:      layout_basic, ebering_ecumenical_altar_rust, minmay_misc_feat_encased
D:3:      layout_loops_corners, grunt_dithmenos_smoke_and_mirrors,
          uniq_crazy_yiuf_cottage

Skill      XL: |  1  2  3 |
---------------+----------+-----
Armour         | 1 |  1.8
Fighting       | 2 |  2.5
Short Blades   | 1 |  1.3
Transmutations | 2 |  2.3
Dodging        | |  1.9
Unarmed Combat | |  3.0
Spellcasting   | |  2.6

Action                   |  1- 3 |  4- 6 || total
-------------------------+-------+-------++-------
Melee: Dagger            |    22 |       ||    22
       Kick              |    16 |     5 ||    21
       Short sword       |    88 |    68 ||   156
       Headbutt          |    11 |     8 ||    19
 Cast: Beastly Appendage |    27 |    12 ||    39
       Wereblood         |     2 |     2 ||     4
  Use: Potion            |       |     2 ||     2
Armor: Robe              |    12 |       ||    12
       Leather armour    |    23 |    32 ||    55
       Ring mail         |       |     1 ||     1
Dodge: Dodged            |    65 |    40 ||   105
